Map: Ulrena

Players

Demandread

  • Race: Terran Terran
  • League: Bronze
  • Spawn Location: 7:00

zidar - Winner!

  • Race: Terran Terran
  • League: Silver
  • Spawn Location: 11:00

VOD

Have the link to the VOD?

Description

Time

  • Played on: Feb. 18, 2016, 9:28 a.m.
  • Length: 3:50
Show
View Real Time Build Order
Export as new Build Order

Demandread Terran 

Build Orders:  

Get SALT Encoding   

  12  0:03  SCV  
  13  0:16  SCV  
  14  0:30  SCV  
  14  0:31  Supply Depot  
  15  0:56  Barracks, Supply Depot  
  15  0:59  SCV  
  16  1:04  Refinery  
  16  1:06  Refinery  
  16  1:12  SCV  
  17  1:26  SCV  
  18  1:41  SCV  
  19  1:50  Engineering Bay  
  19  1:57  Reaper  
  20  2:06  Factory  
  20  2:12  SCV  
  21  2:25  SCV  
  22  2:38  SCV  
  22  2:40  Marine  
  24  2:51  Command Center  
  24  2:58  SCV  
  25  3:19  Factory Tech Lab  
  24  3:20  Marine  
  25  3:29  SCV  
Show
View Real Time Build Order
Export as new Build Order

zidar Terran - Winner!

Build Orders:  

Get SALT Encoding   

  12  0:01  SCV  
  13  0:13  SCV  
  14  0:27  Supply Depot  
  14  0:28  SCV  
  15  0:49  SCV  
  16  0:50  Barracks  
  16  0:56  Barracks  
  16  1:03  Supply Depot  
  16  1:07  SCV  
  17  1:15  Refinery  
  17  1:31  Barracks  
  17  1:36  Refinery  
  17  1:48  Barracks  
  17  2:04  Reaper  
  18  2:15  Reaper  
  19  2:25  Reaper  
  20  2:35  Reaper  
  21  2:37  Reaper  
  22  2:48  Reaper  
  23  2:57  Reaper  
  24  3:07  Reaper  
Tags
 
Matchup
TvT
Race
Terran
Spawn Locations
Close Positions
Add a new tag
Caveats
  • Supply blocks, unpowered buildings, or Contaminate may cause inaccurate times.
  • Supply counts are checked every 10 seconds.